 Dungeon Crawl Stone Soup version 0.27-a0-74-gebd156f8b4 (webtiles) character file.

Game seed: 9643389793506531488

2685 kae the Changer (level 9, 0/58 HPs)
             Began as an Octopode Transmuter on Jan 11, 2021.
             Was a Follower of Wu Jian.
             Slain by a phantom (7 damage)
             ... on level 8 of the Dungeon on Jan 12, 2021.
             The game lasted 00:07:18 (9826 turns).

kae the Changer (Octopode Transmuter)               Turns: 9826, Time: 00:07:18

Health: 0/58       AC:  2    Str: 13    XL:     9   Next: 64%
Magic:  16/18      EV: 23    Int: 15    God:    Wu Jian [*.....]
Gold:   429        SH:  0    Dex: 23    Spells: 7/20 levels left

rFire    . . .     SeeInvis .     - Unarmed
rCold    + . .     Faith    .   (shield currently unavailable)
rNeg     + . .     Spirit   .   (helmet currently unavailable)
rPois    x         Reflect  .   d - amulet of magic regeneration
rElec    .         Harm     .   j - +6 ring of dexterity
rCorr    .         Rampage  .   n - ring of protection from cold
Will     .....                  e - ring of positive energy
Stlth    ++........             (no ring)
HPRegen  0.19/turn              (no ring)
MPRegen  0.41/turn              (no ring)
                                (no ring)
                                (no ring)

@: spider-form
A: tiny, almost no armour, stealthy swim, (amphibious), 8 rings, (constrict 8)
a: End Transformation, Renounce Religion


You were on level 8 of the Dungeon.
You worshipped Wu Jian.
Wu Jian was aware of your devotion.
You were a venomous arachnid creature.
You visited 2 branches of the dungeon, and saw 9 of its levels.

You collected 429 gold pieces.

Inventory:

Jewellery
 d - an amulet of magic regeneration (around neck)
 e - a ring of positive energy (on tentacle)
 f - an uncursed ring of ice
 j - a +6 ring of dexterity (left front leg)
 n - a ring of protection from cold (right front leg)
 t - an uncursed ring of ice
 u - a cursed ring of attention {unknown}
Wands
 s - a wand of acid (11)
 v - a wand of flame (38)
Scrolls
 a - 3 scrolls of blinking
 b - 3 scrolls of remove curse
 m - 2 scrolls of enchant weapon
 p - a scroll of fear
 w - a scroll of identify
 x - a scroll of amnesia
Potions
 c - 2 potions of magic
 g - 4 potions of degeneration
 h - 3 potions of flight
 i - 2 potions of heal wounds
 k - a potion of ambrosia {unknown}
 l - 2 potions of mutation {unknown}
 o - 3 potions of haste {unknown}
 q - a potion of might {unknown}
 r - 3 potions of curing


   Skills:
 + Level 4.2 Fighting
 + Level 4.2 Dodging
 * Level 6.2 Unarmed Combat
 - Level 6.0 Spellcasting
 * Level 6.5 Transmutations
 - Level 4.0 Ice Magic
 - Level 3.0 Poison Magic


You had 7 spell levels left.
You knew the following spells:

 Your Spells              Type           Power        Failure   Level
a - Beastly Appendage     Tmut           48%          5%          1
b - Spider Form           Tmut/Pois      9%           17%         3
c - Ice Form              Ice/Tmut       20%          36%         4
d - Blade Hands           Tmut           12%          50%         5

Your spell library contained the following spells:

 Spells                   Type           Power        Failure   Level
 Wereblood                Tmut           24%          7%          2


Dungeon Overview and Level Annotations

Branches:
Dungeon (8/15)             Temple (1/1) D:6
   Lair: D:8-11

Altars:
Ashenzari
Cheibriados
Dithmenos
Elyvilon
Fedhas
Gozag
Hepliaklqana
Kikubaaqudgha
Makhleb
Nemelex Xobeh
Okawaru
Qazlal
Sif Muna
Trog
Uskayaw
Vehumet
Wu Jian
Xom
Yredelemnul
Zin
The Shining One

Shops:
D:4 (

Annotations:
D:3 3 runed translucent doors, Sigmund; bmj180's ghost, amateur DrCj
D:7 3 runed translucent doors, Megustar's ghost, novice DEFE


Innate Abilities, Weirdness & Mutations

You cannot wear most types of armour.
You are very stealthy in the water. (Stealth+)
((You are amphibious.))
You can wear up to eight rings at the same time.
((You can use your tentacles to constrict eight enemies at once.))
((Your skin changes colour to match your surroundings (Stealth+).))
((Your rubbery body absorbs attacks. (AC +1, EV +1)))


Message History

You bludgeon something! The Council accepts your kill.
Reactivating autopickup.
You feel a bit more experienced.
The phantom blinks!
The orc throws a boomerang.
The boomerang closely misses you.
The weapon returns to the orc!
Casting: Spider Form (dangerous; 6% risk of failure)
Confirm with . or Enter, or press ? or * to list all spells.
You turn into a venomous arachnid creature.
The orc throws a boomerang.
The boomerang hits you.
* * * LOW HITPOINT WARNING * * *
The weapon returns to the orc!
You lunge at the orc.
You barely miss the orc. The orc hits you.
* * * LOW HITPOINT WARNING * * *
You see here an orc corpse.
You bite the orc!
You kill the orc!
The Council accepts your kill. The phantom hits you!
You die...

.... ....
..... .....
......
..^...#
.......##
......Ws##
.....Z##†###
..... ##..##
#### ##..###
##...#######
##.........
#.........
#...###...
##........


You could see a phantom and an adder skeleton.

Vanquished Creatures
  A two-headed ogre (D:8)
  Prince Ribbit (D:7)
  A sky beast (D:7)
  A black bear (D:8)
  2 centaurs
  2 ogres
  3 bullfrogs
  A gnoll sergeant (D:7)
  A wyvern skeleton (D:6)
  3 scorpions
  A water moccasin skeleton (D:8)
  A howler monkey (D:6)
  2 bullfrog zombies
  2 quasits
  A centaur skeleton (D:5)
  5 orc wizards
  An orc priest (D:8)
  2 bullfrog skeletons
  Jessica (D:3)
  2 worker ants (D:5)
  A killer bee zombie (D:7)
  8 gnolls
  10 adders
  2 shadow imps
  2 white imps
  An ufetubus (D:6)
  An adder zombie (D:7)
  An ooze (D:2)
  4 worms
  A dart slug (D:1)
  7 leopard geckos
  16 orcs
  13 bats
  7 giant cockroaches
  7 hobgoblins
  4 kobolds
  3 quokkas
  2 ball pythons (D:5)
  6 frilled lizards
  6 goblins
  A jackal skeleton (D:6)
  A leopard gecko zombie (D:7)
  8 rats
146 creatures vanquished.

Notes
Turn   | Place    | Note
-------+----------+-------------------------------------------
     0 | D:1      | kae the Octopode Transmuter began the quest for the Orb.
     0 | D:1      | Reached XP level 1. HP: 13/13 MP: 3/3
   344 | D:1      | Reached XP level 2. HP: 16/18 MP: 3/5
   914 | D:1      | Reached XP level 3. HP: 23/23 MP: 6/6
   918 | D:1      | Learned a level 3 spell: Spider Form
  1505 | D:2      | Reached skill level 1 in Poison Magic
  1679 | D:2      | Reached XP level 4. HP: 7/28 MP: 7/7
  2571 | D:3      | Noticed Sigmund
  2755 | D:3      | Noticed Jessica
  2851 | D:3      | Killed Jessica
  2852 | D:3      | Reached XP level 5. HP: 31/33 MP: 7/9
  2936 | D:3      | You fall into a shaft and drop 1 floor!
  3011 | D:4      | Noticed a centaur
  3018 | D:4      | Found Zuor Luown's Weapon Boutique.
  3059 | D:4      | Found an iron altar of Okawaru.
  3317 | D:3      | Found a runed translucent gate.
  3318 | D:3      | Found a runed translucent gate.
  3319 | D:3      | Found a runed translucent gate.
  3320 | D:3      | Noticed bmj180's ghost (amateur DrCj)
  4047 | D:4      | Reached XP level 6. HP: 30/38 MP: 11/11
  4588 | D:5      | Entered Level 5 of the Dungeon
  4784 | D:5      | Reached XP level 7. HP: 9/43 MP: 10/14
  5038 | D:5      | Reached skill level 5 in Spellcasting
  5768 | D:5      | Learned a level 4 spell: Ice Form
  5774 | D:5      | Learned a level 5 spell: Blade Hands
  6117 | D:6      | Found a staircase to the Ecumenical Temple.
  6130 | Temple   | Entered the Ecumenical Temple
  6331 | Temple   | Became a worshipper of the Wu Jian Council
  6357 | D:6      | Found a stormy altar of Qazlal.
  6371 | D:6      | Reached skill level 1 in Ice Magic
  6511 | D:6      | Reached XP level 8. HP: 27/50 MP: 17/17
  7077 | D:7      | Noticed Prince Ribbit
  7524 | D:7      | Found a runed translucent gate.
  7525 | D:7      | Found a runed translucent gate.
  7526 | D:7      | Found a runed translucent gate.
  7528 | D:7      | Noticed Megustar's ghost (novice DEFE)
  7934 | D:7      | Reached skill level 5 in Transmutations
  8844 | D:7      | Killed Prince Ribbit
  8845 | D:7      | Reached skill level 5 in Unarmed Combat
  8851 | D:7      | Reached XP level 9. HP: 55/55 MP: 18/18
  8955 | D:8      | Noticed a two-headed ogre
  9012 | D:8      | Killed a two-headed ogre
  9323 | D:8      | Reached * piety under Wu Jian
  9826 | D:8      | Slain by a phantom

Illustrated notes

Levels and vault maps discovered:
D:1:      amcnicky_arrival_choice, layout_loops_ring
D:2:      layout_loops_ring, minmay_pentomino_x2
D:3:      cheibrodos_old_hovel, layout_basic, ebering_ghost_rock_garden,
          uniq_sigmund, uniq_jessica
D:4:      layout_rooms, serial_shops, shop_fountains, okawaru_trees_2
D:5:      layout_loops_ring
D:6:      layout_loops_ring, kennysheep_little_box, minmay_temple_entry_hall
D:7:      layout_basic, gammafunk_ghost_necromancy, nrook_uturn,
          uniq_prince_ribbit1
D:8:      layout_cave_pods, hangedman_abyss_or_decor_stagger
Temple:   regret_index_temple_chain_breaker

Skill      XL: |  1  2  3  4  5  6  7  8  9 |
---------------+----------------------------+-----
Poison Magic   | 1 2 3 |  3.0
Transmutations | 3 4 5 6 |  6.5
Spellcasting   | 3 4 6 |  6.0
Ice Magic      | 1 3 4 |  4.0
Unarmed Combat | 5 6 |  6.2
Fighting       | 2 4 |  4.2
Dodging        | 3 4 |  4.2

Action                   |  1- 3 |  4- 6 |  7- 9 || total
-------------------------+-------+-------+-------++-------
Melee: Unarmed           |    73 |   127 |   209 ||   409
       Constrict         |    19 |    30 |    20 ||    69
       Tentacles         |    13 |    20 |    24 ||    57
       Kick              |    13 |    34 |    30 ||    77
       Punch             |       |     3 |     2 ||     5
 Cast: Beastly Appendage |    23 |    28 |    23 ||    74
       Spider Form       |       |     3 |    16 ||    19
Invok: Lunge             |       |       |    12 ||    12
Evoke: Wand              |       |       |     1 ||     1
  Use: Scroll            |       |    10 |     3 ||    13
       Potion            |       |     1 |       ||     1
 Stab: Sleeping          |     4 |     8 |     1 ||    13
Armor: Skin              |    11 |     5 |    11 ||    27
Dodge: Dodged            |    51 |   101 |   154 ||   306

Table legend: (Time is in decaauts)
 A = Elapsed time spent in this place.
 B = Non-inter-level travel time spent in this place.
 C = Inter-level travel time spent in this place.
 D = Time resting spent in this place.
 E = Time spent auto-exploring this place.
 F = Levels seen in this place.
 G = Mean time per level.
                   A        B        C        D        E       F      G
               +--------+--------+--------+--------+--------+-----+--------+
         Total |   9796 |   9505 |    291 |   1887 |   6359 |   9 | 1088.4 |
       Dungeon |   9582 |   9331 |    251 |   1887 |   6187 |   8 | 1197.8 |
        Temple |    213 |    174 |     39 |      0 |    172 |   1 |  213.0 |
               +--------+--------+--------+--------+--------+-----+--------+

Top non-repeatable levels by time:
     D:7: 1762 daAuts
     D:1: 1410 daAuts
     D:5: 1342 daAuts
     D:2: 1256 daAuts
     D:4: 1116 daAuts
     D:6: 1069 daAuts
     D:8: 830 daAuts
     D:3: 794 daAuts
  Temple: 213 daAuts
